 Dungeon Crawl Stone Soup version 0.26.1-11-gd32895ea62 (webtiles) character file.

Game seed: 12793455026905011582

1420 nightchill the Spear-Bearer (level 8, -7/65 HPs)
             Began as a Merfolk Fighter on Apr 12, 2021.
             Was a Priest of Zin.
             Mangled by an iguana (8 damage)
             ... on level 8 of the Dungeon.
             The game lasted 00:10:15 (7569 turns).

nightchill the Spear-Bearer (Merfolk Fighter)       Turns: 7569, Time: 00:10:16

Health: -7/65      AC:  5    Str: 19    XL:     8   Next: 71%
Magic:  20/20      EV:  8    Int:  8    God:    Zin [***...]
Gold:   338        SH:  9    Dex: 15    Spells: 7/7 levels left

rFire    . . .     SeeInvis .   a - +0 trident
rCold    . . .     Faith    .   c - +0 kite shield
rNeg     . . .     Spirit   .   p - +0 ring mail
rPois    ∞         Reflect  .   (no helmet)
rElec    .         Harm     .   (no cloak)
rCorr    .         Rampage  .   (no gloves)
Will     .....                  (no boots)
Stlth    +.........             (no amulet)
HPRegen  0.20/turn              r - ring of magical power
MPRegen  0.17/turn              y - ring of flight

@: vitalised
A: change form in water, swift swim, stealthy swim
a: Renounce Religion, Evoke Flight, Recite, Vitalisation, Imprison, Donate Gold


You were on level 8 of the Dungeon.
You worshipped Zin.
Zin was most pleased with you.
You visited 2 branches of the dungeon, and saw 9 of its levels.

You collected 375 gold pieces.
You donated 37 gold pieces to Zin.

Inventory:

Hand Weapons
 a - a +0 trident (weapon)
 s - a +1 vorpal halberd
Missiles
 B - 7 curare-tipped darts (quivered)
Armour
 b - a +0 scale mail
 c - a +0 kite shield (worn)
 p - a +0 ring mail (worn)
Jewellery
 r - a ring of magical power (left hand)
 y - a ring of flight (right hand)
Wands
 A - a wand of paralysis (9)
 D - a wand of disintegration (5)
Scrolls
 e - 5 scrolls of teleportation {unknown}
 g - 5 scrolls of identify {unknown}
 i - 3 scrolls of remove curse {unknown}
 j - 2 scrolls of amnesia {unknown}
 m - 2 scrolls of enchant weapon {unknown}
 o - a scroll of enchant armour {unknown}
 q - 3 scrolls of magic mapping {unknown}
 u - 2 scrolls of random uselessness {unknown}
 w - a scroll of immolation {unknown}
 C - a scroll of noise {unknown}
 E - a scroll of brand weapon {unknown}
 F - a scroll of fear {unknown}
Potions
 d - a potion of might
 f - 4 potions of curing
 h - 3 potions of flight
 k - a potion of degeneration {unknown}
 l - 2 potions of cancellation
 n - a potion of haste {unknown}
 t - a potion of heal wounds {unknown}
 v - a potion of magic {unknown}
 x - 2 potions of ambrosia {unknown}
 z - a potion of invisibility {unknown}


   Skills:
 + Level 6.8 Fighting
 * Level 11.3 Polearms
 - Level 2.1 Armour
 - Level 3.0 Shields
 + Level 4.3 Invocations


You had 7 spell levels left.
You didn't know any spells.
Your spell library contained the following spells:

 Spells                   Type           Power        Failure   Level
 Corona                   Hex            0%           98%         1
 Summon Small Mammal      Summ           0%           98%         1
 Call Imp                 Summ           0%           99%         2
 Ensorcelled Hibernation  Hex/Ice        0%           99%         2
 Call Canine Familiar     Summ           0%           100%        3
 Confusing Touch          Hex            0%           100%        3
 Dazzling Flash           Conj/Hex       0%           100%        3
 Summon Guardian Golem    Hex/Summ       0%           100%        3
 Tukima's Dance           Hex            0%           100%        3
 Summon Ice Beast         Ice/Summ       0%           100%        4
 Summon Lightning Spire   Summ/Air       0%           100%        4


Dungeon Overview and Level Annotations

Branches:
Dungeon (8/15)             Temple (1/1) D:4
   Lair: D:8-11

Altars:
Cheibriados
Dithmenos
Elyvilon
Fedhas
Gozag
Hepliaklqana
Kikubaaqudgha
Makhleb
Nemelex Xobeh
Qazlal
Ru
Sif Muna
Trog
Uskayaw
Vehumet
Xom
Yredelemnul
Zin
The Shining One

Annotations:
D:2 1 runed translucent door, Crazy Yiuf
D:4 3 runed translucent doors, sankara's ghost, novice TrHu


Message History

* * * LOW HITPOINT WARNING * * *
The iguana bites you! Zin protects you from harm!
You block the killer bee's attack.
It was a potion of flight.
You feel very buoyant.
You fly up into the air.
You block the killer bee's attack. The iguana misses you.
The killer bee stings you.
* * * LOW HITPOINT WARNING * * *
It was a potion of cancellation.
Your magical effects are unravelling.
You feel magically purged.
You float gracefully downwards.
You feel a little less mighty now. The killer bee misses you.
You block the iguana's attack. The killer bee closely misses you.
You closely miss the killer bee. The killer bee stings you.
* * * LOW HITPOINT WARNING * * *
Your divine stamina protects you from poison!
The iguana bites you!
You die...

... #.# #.# #.#
#.# #.. #.# #W#
#.# #F# #.# #l#
#.# #@# ##
###.####y#..?##
#........<......
#.#.######...###
# #<# #.## #...#
.# ##..# # #..#
#..#


You could see a phantom, a bullfrog, an iguana and a killer bee.

Vanquished Creatures
  A sky beast (D:6)
  A phantom (D:7)
  2 bullfrogs
  5 killer bees (D:8)
  2 howler monkeys (D:4)
  4 orc wizards
  A hound (D:6)
  A centaur skeleton (D:6)
  3 orc priests
  A bullfrog zombie (D:7)
  A bullfrog skeleton (D:3)
  An iguana (D:7)
  Natasha (thrice) (D:2)
  6 worker ants
  A mummy (D:5)
  A worker ant zombie (D:6)
  9 adders
  2 shadow imps
  2 ufetubi (D:5)
  3 oozes
  3 worms
  2 dart slugs
  A leopard gecko (D:2)
  20 orcs
  A ball python (D:2)
  3 giant cockroaches
  12 hobgoblins
  10 jackals
  4 kobolds
  3 quokkas
  13 bats
  A giant cockroach zombie (D:5)
  3 goblins
  2 leopard gecko zombies (D:5)
  A quokka skeleton (D:5)
  14 rats
143 creatures vanquished.

Notes
Turn   | Place    | Note
-------+----------+-------------------------------------------
     0 | D:1      | nightchill the Merfolk Fighter began the quest for the Orb.
     0 | D:1      | Reached XP level 1. HP: 18/18 MP: 1/1
   176 | D:1      | Reached XP level 2. HP: 24/24 MP: 2/2
   211 | D:1      | Reached skill level 4 in Polearms
   723 | D:1      | You fall into a shaft and drop 1 floor!
   723 | D:2      | Found a hide-covered altar of Uskayaw.
   733 | D:2      | Found a blossoming altar of Fedhas.
   743 | D:2      | Reached XP level 3. HP: 21/30 MP: 3/3
   851 | D:2      | Found a radiant altar of Vehumet.
   869 | D:2      | Found an ancient bone altar of Kikubaaqudgha.
   910 | D:2      | Noticed Natasha
   934 | D:2      | Reached skill level 5 in Polearms
   946 | D:2      | Killed Natasha
   947 | D:2      | Reached XP level 4. HP: 19/37 MP: 4/4
  1182 | D:2      | Noticed Natasha
  1196 | D:2      | Killed Natasha
  1197 | D:2      | Reached skill level 6 in Polearms
  1333 | D:2      | Found a runed translucent door.
  1334 | D:2      | Noticed Crazy Yiuf
  1444 | D:2      | Reached XP level 5. HP: 42/43 MP: 5/5
  1773 | D:2      | Noticed Natasha
  1783 | D:2      | Killed Natasha
  2219 | D:3      | Reached skill level 7 in Polearms
  2280 | D:3      | Reached XP level 6. HP: 40/50 MP: 6/6
  2424 | D:3      | Reached skill level 5 in Fighting
  3180 | D:4      | Found a staircase to the Ecumenical Temple.
  3193 | Temple   | Entered the Ecumenical Temple
  3216 | Temple   | Became a worshipper of Zin the Law-Giver
  3216 | Temple   | Reached * piety under Zin
  3450 | D:4      | Reached skill level 8 in Polearms
  3574 | D:4      | Found a runed translucent gate.
  3574 | D:4      | Noticed sankara's ghost (novice TrHu)
  3575 | D:4      | Found a runed translucent gate.
  3575 | D:4      | Found a runed translucent gate.
  3950 | D:4      | Found a sparkling altar of Nemelex Xobeh.
  4128 | D:5      | Entered Level 5 of the Dungeon
  4138 | D:5      | Reached skill level 1 in Invocations
  4219 | D:5      | Found a snail-covered altar of Cheibriados.
  4398 | D:5      | Reached XP level 7. HP: 28/56 MP: 6/8
  4922 | D:6      | Reached ** piety under Zin
  5057 | D:6      | Reached skill level 9 in Polearms
  6407 | D:7      | Reached skill level 10 in Polearms
  6407 | D:7      | Reached XP level 8. HP: 53/64 MP: 10/10
  6516 | D:7      | Reached *** piety under Zin
  7419 | D:7      | Found a bloodstained altar of Trog.
  7558 | D:8      | Reached skill level 11 in Polearms
  7565 | D:8      | HP: 3/65 [iguana (5)]
  7566 | D:8      | Zin protects you from harm!
  7569 | D:8      | HP: 1/65 [killer bee (5)]
  7569 | D:8      | Mangled by an iguana

Illustrated notes

Levels and vault maps discovered:
D:1:      ncdulo_watergridlock, layout_basic, minmay_rat_gold_closets
D:2:      layout_rooms, grunt_temple_overflow_cloverleaf, uniq_natasha,
          uniq_crazy_yiuf_cottage
D:3:      layout_basic, minmay_door_square, moated_statue,
          minmay_tree_intersection
D:4:      layout_loops_corners, kennysheep_little_box,
          minmay_temple_entry_arrows, ebering_ghost_rock_garden, serial_forest,
          infiniplex_forest_clump_large, infiniplex_forest_straight_4,
          infiniplex_forest_clump_small, infiniplex_forest_lined_4_way,
          infiniplex_forest_end_1, infiniplex_forest_straight_2
D:5:      layout_gridville, slow_altar_2
D:6:      lemuel_ice_spiral_2, layout_basic
D:7:      layout_cave_pools, marbit_many_paths
D:8:      layout_loops_ring
Temple:   regret_index_temple_waves

Skill      XL: |  1  2  3  4  5  6  7  8 |
---------------+-------------------------+-----
Polearms       | 4 5 6 7 8 10 11 | 11.3
Fighting       | 4 5 6 |  6.8
Invocations    | 1 3 4 |  4.3
Armour         | |  2.1
Shields        | |  3.0

Action                   |  1- 3 |  4- 6 |  7- 9 || total
-------------------------+-------+-------+-------++-------
Melee: Trident           |   100 |   157 |   154 ||   411
       Halberd           |       |    56 |    48 ||   104
Invok: Recite            |       |     1 |    10 ||    11
       Vitalisation      |       |       |     2 ||     2
  Use: Potion            |       |       |     6 ||     6
 Stab: Confused          |       |       |     1 ||     1
Armor: Scale mail        |    38 |    24 |       ||    62
       Ring mail         |       |    24 |    50 ||    74
Dodge: Dodged            |    23 |    40 |    63 ||   126
Block: Kite shield       |    44 |    53 |    55 ||   152
